NWL (28 & UNDER)
BALZAC RAMS @ RIVERSIDE RED BULLS
05/30/2029
 
TOP OF THE 1ST
Balzac Rams batting - Pitching for Riverside Red Bulls : RHP Juan Rodríguez
Pitching: RHP Juan Rodríguez
Batting: SHB Emílio Calvillo 0-0: Ground out 6-3 (Groundball, 6)
Batting: RHB Tommy Wilson 0-0: Swinging Strike
0-1: Ball
1-1: Foul Ball, location: 2F
1-2: Ball
2-2: Strikes out swinging
Batting: RHB Gunner Allen 0-0: Called Strike
0-1: Ball
1-1: Called Strike
1-2: Foul Ball, location: 2F
1-2: Ball
2-2: Ball
3-2: Base on Balls
Batting: RHB Ken Longoria 0-0: Swinging Strike
0-1: Ball
Wild Pitch!
Gunner Allen to second
1-1: Swinging Strike
1-2: Foul Ball, location: 2F
1-2: 2-RUN HOME RUN (Line Drive, 7D), Distance : 422 ft
Batting: RHB Gerald Arnold 0-0: Ball
1-0: Swinging Strike
1-1: SINGLE (Line Drive, 56D)
Batting: LHB Troy Jackson 0-0: Called Strike
0-1: Ball
1-1: Ball
2-1: Ball
3-1: SINGLE (Groundball, 4MD)
Gerald Arnold to second
Runner from 2nd tries for 3rd, SAFE, no throw
Batting: RHB Lorenzo Silva 0-0: Ground out 4-3 (Groundball, 4)
Top of the 1st over - 2 runs, 3 hits, 0 errors, 2 left on base; Balzac 2 - Riverside 0
BOTTOM OF THE 1ST
Riverside Red Bulls batting - Pitching for Balzac Rams : RHP Tim Osborne
Pitching: RHP Tim Osborne
Batting: RHB Donovan James 0-0: Ball
1-0: Foul Ball, location: 2F
1-1: Ball
2-1: Foul Ball, location: 2F
2-2: Fly out, F8 (Flyball, 78M)
Batting: RHB Robert Stevens 0-0: Called Strike
0-1: Called Strike
0-2: Ball
1-2: Foul Ball, location: 2F
1-2: Ball
2-2: Ball
3-2: DOUBLE (Line Drive, 7LM)
Batting: RHB Patrick Daniels 0-0: Swinging Strike
0-1: Swinging Strike
0-2: Ball
1-2: Foul Ball, location: 2F
1-2: Foul Ball, location: 2F
1-2: Strikes out swinging
Batting: RHB Zack Flint 0-0: Ball
1-0: Called Strike
1-1: Foul Ball, location: 2F
1-2: Strikes out swinging
Bottom of the 1st over - 0 runs, 1 hit, 0 errors, 1 left on base; Balzac 2 - Riverside 0
TOP OF THE 2ND
Balzac Rams batting - Pitching for Riverside Red Bulls : RHP Juan Rodríguez
Batting: RHB Jason Ward 0-0: Ball
1-0: Fly out, F7 (Flyball, 7)
Batting: RHB Ricardo Muñóz 0-0: Ball
1-0: Ball
2-0: SINGLE (Groundball, 56D)
Batting: SHB Emílio Calvillo 0-0: Ball
1-0: Called Strike
1-1: Foul Ball, location: 2F
1-2: Foul Ball, location: 2F
1-2: Ball
2-2: Fielders Choice at 2nd, 4-6 (Groundball, 4)
Batting: RHB Tommy Wilson 0-0: Ball
1-0: Ball
Emílio Calvillo steals 2nd base
2-0: Ball
3-0: Called Strike
3-1: Base on Balls
Batting: RHB Gunner Allen 0-0: Called Strike
0-1: Ball
1-1: Ball
2-1: Fielders Choice at 2nd, 6-4 (Groundball, 6)
Top of the 2nd over - 0 runs, 1 hit, 0 errors, 2 left on base; Balzac 2 - Riverside 0
BOTTOM OF THE 2ND
Riverside Red Bulls batting - Pitching for Balzac Rams : RHP Tim Osborne
Batting: RHB Bobby Miller 0-0: Called Strike
0-1: Foul Ball, location: 2F
0-2: Ball
1-2: Ball
2-2: Foul Ball, location: 2F
2-2: Foul Ball, location: 2F
2-2: Ball
3-2: Base on Balls
Batting: RHB Luis Bustamante 0-0: Called Strike
0-1: Foul Ball, location: 2F
0-2: Grounds into double play, 5-4-3 (Groundball, 5)
Batting: RHB Pete Woods 0-0: Foul Ball, location: 2F
0-1: Foul Ball, location: 2F
0-2: Ball
1-2: Ground out U3 (Groundball, 3)
Bottom of the 2nd over - 0 runs, 0 hits, 0 errors, 0 left on base; Balzac 2 - Riverside 0
TOP OF THE 3RD
Balzac Rams batting - Pitching for Riverside Red Bulls : RHP Juan Rodríguez
Batting: RHB Ken Longoria 0-0: Ball
1-0: Ball
2-0: Ball
3-0: Called Strike
3-1: Foul Ball, location: 2F
3-2: Base on Balls
Batting: RHB Gerald Arnold 0-0: Foul Ball, location: 2F
0-1: Called Strike
0-2: SINGLE (Flyball, 78M)
Ken Longoria to second
Batting: LHB Troy Jackson 0-0: SINGLE (Groundball, 6MD)
Ken Longoria to third
Gerald Arnold to second
Batting: RHB Lorenzo Silva 0-0: Grounds into fielders choice 1-2 (Groundball, 15S)
Gerald Arnold to third
Troy Jackson to second
Batting: RHB Jason Ward 0-0: Ground out 5-3 (Groundball, 56S)
Gerald Arnold scores
Troy Jackson to third
Lorenzo Silva to second
Batting: RHB Ricardo Muñóz 0-0: Ball
1-0: Swinging Strike
1-1: SINGLE (Flyball, 78M)
Troy Jackson scores
Lorenzo Silva to third
Runner from 3rd tries for Home, SAFE, throw made home
Batting: SHB Emílio Calvillo 0-0: Ball
1-0: Ball
2-0: Ball
3-0: Called Strike
3-1: Fly out, F8 (Flyball, 8LD)
Top of the 3rd over - 3 runs, 3 hits, 0 errors, 1 left on base; Balzac 5 - Riverside 0
BOTTOM OF THE 3RD
Riverside Red Bulls batting - Pitching for Balzac Rams : RHP Tim Osborne
Batting: RHB Gilberto Tovar 0-0: Ball
1-0: Ball
2-0: Called Strike
2-1: Foul Ball, location: 2F
2-2: SINGLE (Line Drive, 7S)
Batting: SHB Ángel Estrada 0-0: Ball
1-0: TRIPLE (Line Drive, 7D)
Gilberto Tovar scores
Batting: RHB Donovan James 0-0: Foul Ball, location: 2F
0-1: Ground out 6-3 (Groundball, 6)
Ángel Estrada scores
Batting: RHB Robert Stevens 0-0: TRIPLE (Flyball, 8LXD)
Batting: RHB Patrick Daniels 0-0: Ball
1-0: Ball
Wild Pitch!
Robert Stevens scores
2-0: Foul Ball, location: 2F
2-1: Foul Ball, location: 2F
2-2: Strikes out looking
Batting: RHB Zack Flint 0-0: Swinging Strike
0-1: Ball
1-1: Ball
2-1: SOLO HOME RUN (Flyball, 7D), Distance : 417 ft
Batting: RHB Bobby Miller 0-0: Fly out, F9 (Flyball, 9LM)
Bottom of the 3rd over - 4 runs, 4 hits, 0 errors, 0 left on base; Balzac 5 - Riverside 4
TOP OF THE 4TH
Balzac Rams batting - Pitching for Riverside Red Bulls : RHP Juan Rodríguez
Batting: RHB Tommy Wilson 0-0: Called Strike
0-1: Ball
1-1: Ground out 1-3 (Groundball, 13S)
Batting: RHB Gunner Allen 0-0: Ball
1-0: Ball
2-0: Ball
3-0: Base on Balls
Batting: RHB Ken Longoria 0-0: Swinging Strike
0-1: Ball
1-1: Ball
2-1: Ball
3-1: Fly out, F8 (Flyball, 8RM)
Batting: RHB Gerald Arnold 0-0: Ball
1-0: Ball
2-0: Fielders Choice at 2nd, 5-4 (Groundball, 5)
Top of the 4th over - 0 runs, 0 hits, 0 errors, 1 left on base; Balzac 5 - Riverside 4
BOTTOM OF THE 4TH
Riverside Red Bulls batting - Pitching for Balzac Rams : RHP Tim Osborne
Batting: RHB Luis Bustamante 0-0: Ground out 5-3 (Groundball, 56)
Batting: RHB Pete Woods 0-0: Ball
1-0: Foul Ball, location: 2F
1-1: Swinging Strike
1-2: Ball
2-2: Strikes out swinging
Batting: RHB Gilberto Tovar 0-0: Ball
1-0: DOUBLE (Line Drive, 89S)
Batting: SHB Ángel Estrada 0-0: Ball
1-0: Called Strike
1-1: Ball
2-1: SINGLE (Groundball, 34D)
Gilberto Tovar to third
Runner from 3rd tries for Home, SAFE, no throw
Batting: RHB Donovan James 0-0: Called Strike
0-1: Foul Ball, location: 2F
0-2: Ball
1-2: Ball
2-2: Ball
Ángel Estrada steals 2nd base
3-2: Ground out U3 (Groundball, 3S)
Bottom of the 4th over - 1 run, 2 hits, 0 errors, 1 left on base; Balzac 5 - Riverside 5
TOP OF THE 5TH
Balzac Rams batting - Pitching for Riverside Red Bulls : RHP Juan Rodríguez
Pitching: RHP Juan Herrera
Batting: LHB Troy Jackson 0-0: Called Strike
0-1: Called Strike
0-2: Foul Ball, location: 2F
0-2: Strikes out swinging
Batting: RHB Lorenzo Silva 0-0: Ball
1-0: Ball
2-0: Ball
3-0: Called Strike
3-1: Foul Ball, location: 2F
3-2: Base on Balls
Batting: RHB Jason Ward 0-0: Ball
1-0: Ball
2-0: Called Strike
2-1: Grounds into double play, 6-4-3 (Groundball, 6)
Top of the 5th over - 0 runs, 0 hits, 0 errors, 0 left on base; Balzac 5 - Riverside 5
BOTTOM OF THE 5TH
Riverside Red Bulls batting - Pitching for Balzac Rams : RHP Tim Osborne
Batting: RHB Robert Stevens 0-0: Ball
1-0: Ball
2-0: Called Strike
2-1: Fly out, F8 (Flyball, 8LD)
Batting: RHB Patrick Daniels 0-0: Ball
1-0: Foul Ball, location: 2F
1-1: Ball
2-1: SOLO HOME RUN (Flyball, 7LD), Distance : 408 ft
Batting: RHB Zack Flint 0-0: Ball
1-0: Ball
2-0: Foul Ball, location: 2F
2-1: Fly out, F9 (Flyball, 89XD)
Batting: RHB Bobby Miller 0-0: Ball
1-0: Swinging Strike
1-1: Ground out U3 (Groundball, 34)
Bottom of the 5th over - 1 run, 1 hit, 0 errors, 0 left on base; Balzac 5 - Riverside 6
TOP OF THE 6TH
Balzac Rams batting - Pitching for Riverside Red Bulls : RHP Juan Herrera
Batting: RHB Ricardo Muñóz 0-0: Ball
1-0: Called Strike
1-1: Swinging Strike
1-2: Ball
2-2: Strikes out swinging
Batting: SHB Emílio Calvillo 0-0: Called Strike
0-1: Ball
1-1: SINGLE (Flyball, 9LM)
Batting: RHB Tommy Wilson 0-0: Foul Ball, location: 2F
0-1: Called Strike
0-2: Foul Ball, location: 2F
0-2: Ball
1-2: Strikes out swinging
Emílio Calvillo steals 2nd base
Batter strikes out.
Batting: RHB Gunner Allen 0-0: Ground out 1-3 (Groundball, 15S)
Top of the 6th over - 0 runs, 1 hit, 0 errors, 1 left on base; Balzac 5 - Riverside 6
BOTTOM OF THE 6TH
Riverside Red Bulls batting - Pitching for Balzac Rams : RHP Tim Osborne
Pitching: LHP Nick Johnson
Batting: RHB Luis Bustamante 0-0: Foul Ball, location: 2F
0-1: Called Strike
0-2: Ball
1-2: Strikes out looking
Batting: RHB Pete Woods 0-0: Ball
1-0: Ball
2-0: Called Strike
2-1: Ball
3-1: Base on Balls
Batting: RHB Gilberto Tovar 0-0: Called Strike
0-1: Foul Ball, location: 2F
0-2: Ball
1-2: Ball
2-2: Foul Ball, location: 2F
2-2: Foul Ball, location: 2F
2-2: Strikes out looking
Batting: SHB Ángel Estrada 0-0: Foul Ball, location: 2F
0-1: Foul Ball, location: 2F
0-2: Strikes out swinging
Bottom of the 6th over - 0 runs, 0 hits, 0 errors, 1 left on base; Balzac 5 - Riverside 6
TOP OF THE 7TH
Balzac Rams batting - Pitching for Riverside Red Bulls : RHP Juan Herrera
Batting: RHB Ken Longoria 0-0: Ball
1-0: Fly out, F8 (Flyball, 8RM)
Batting: RHB Gerald Arnold 0-0: Swinging Strike
0-1: Ground out 6-3 (Groundball, 6)
Batting: LHB Troy Jackson 0-0: Called Strike
0-1: Foul Ball, location: 2F
0-2: Ball
1-2: Foul Ball, location: 2F
1-2: Strikes out swinging
Top of the 7th over - 0 runs, 0 hits, 0 errors, 0 left on base; Balzac 5 - Riverside 6
BOTTOM OF THE 7TH
Riverside Red Bulls batting - Pitching for Balzac Rams : LHP Nick Johnson
Batting: RHB Donovan James 0-0: Ball
1-0: Swinging Strike
1-1: Ball
2-1: Ball
3-1: Called Strike
3-2: Strikes out swinging
Batting: RHB Robert Stevens 0-0: Ball
1-0: Ball
2-0: Called Strike
2-1: Foul Ball, location: 2F
2-2: Ball
3-2: Foul Ball, location: 2F
3-2: Base on Balls
Batting: RHB Patrick Daniels 0-0: Called Strike
0-1: Ball
1-1: Fly out, F3 (Popup, 23F)
Batting: RHB Zack Flint 0-0: Ground out 4-3 (Groundball, 4S)
Bottom of the 7th over - 0 runs, 0 hits, 0 errors, 1 left on base; Balzac 5 - Riverside 6
TOP OF THE 8TH
Balzac Rams batting - Pitching for Riverside Red Bulls : RHP Juan Herrera
Pitching: RHP Shawn Montoya
Batting: RHB Lorenzo Silva 0-0: Ground out 6-3 (Groundball, 6)
Batting: RHB Jason Ward 0-0: Called Strike
0-1: DOUBLE (Line Drive, 7D)
Batting: RHB Ricardo Muñóz 0-0: Ball
1-0: Foul Ball, location: 2F
1-1: Ball
2-1: Swinging Strike
2-2: Fly out, F9 (Flyball, 89M)
Batting: SHB Emílio Calvillo 0-0: Ball
1-0: Ball
2-0: Swinging Strike
2-1: Ball
3-1: Base on Balls
Batting: RHB Tommy Wilson 0-0: Ball
1-0: Ball
2-0: Called Strike
2-1: Ball
3-1: SINGLE (Groundball, 34D)
Jason Ward to third
Emílio Calvillo to second
Runner from 3rd tries for Home, SAFE, throw made home
Batting: RHB Gunner Allen 0-0: Foul Ball, location: 2F
0-1: Called Strike
0-2: Ball
1-2: Foul Ball, location: 2F
1-2: Ball
2-2: Fielders Choice at 2nd, 6-4 (Groundball, 6)
Top of the 8th over - 1 run, 2 hits, 0 errors, 2 left on base; Balzac 6 - Riverside 6
BOTTOM OF THE 8TH
Riverside Red Bulls batting - Pitching for Balzac Rams : LHP Nick Johnson
Batting: RHB Bobby Miller 0-0: Ball
1-0: Swinging Strike
1-1: Ground out 6-3 (Groundball, 6)
Batting: RHB Luis Bustamante 0-0: Ball
1-0: Called Strike
1-1: Ball
2-1: Ball
3-1: Foul Ball, location: 2F
3-2: Foul Ball, location: 2F
3-2: Foul Ball, location: 2F
3-2: SINGLE (Line Drive, 6D)
Batting: RHB Pete Woods 0-0: Foul Ball, location: 2F
0-1: Ball
1-1: Fly out, F8 (Flyball, 89M)
Batting: RHB Gilberto Tovar 0-0: Ball
1-0: Called Strike
1-1: Called Strike
1-2: Ball
2-2: Ball
3-2: Strikes out swinging
Bottom of the 8th over - 0 runs, 1 hit, 0 errors, 1 left on base; Balzac 6 - Riverside 6
TOP OF THE 9TH
Balzac Rams batting - Pitching for Riverside Red Bulls : RHP Shawn Montoya
Pitching: RHP Ricardo López
Batting: RHB Ken Longoria 0-0: Foul Ball, location: 2F
0-1: Fly out, F4 (Popup, 34D)
Batting: RHB Gerald Arnold 0-0: Ball
1-0: Swinging Strike
1-1: SINGLE (Groundball, 6MD)
Batting: LHB Troy Jackson 0-0: Swinging Strike
0-1: Ball
1-1: Called Strike
1-2: Ground out 4-3 (Groundball, 34)
Gerald Arnold to second
Batting: RHB Lorenzo Silva 0-0: Foul Ball, location: 2F
0-1: Ball
1-1: Swinging Strike
1-2: Ground out 4-3 (Groundball, 4)
Top of the 9th over - 0 runs, 1 hit, 0 errors, 1 left on base; Balzac 6 - Riverside 6
BOTTOM OF THE 9TH
Riverside Red Bulls batting - Pitching for Balzac Rams : LHP Nick Johnson
Batting: SHB Ángel Estrada 0-0: Called Strike
0-1: Fly out, F9 (Flyball, 9LSF)
Batting: RHB Donovan James 0-0: Called Strike
0-1: Foul Ball, location: 2F
0-2: TRIPLE (Line Drive, 89XD)
Batting: RHB Robert Stevens 0-0: Intentional Walk
Pitching: RHP Manny Guerra
Batting: RHB Patrick Daniels 0-0: Ball
1-0: SINGLE (Line Drive, 78M)
Donovan James scores
Saturday, December 16th, 2017 - OOTP Baseball 18.8 Build 76